 Dungeon Crawl Stone Soup version 0.30-a0-1082-g70414cbcbb (webtiles) character file.

Game seed: 14560168584904393583

79 ryw the Trooper (level 4, -3/35 HPs)
             Began as a Mummy Fighter on Apr 16, 2023.
             Killed by divine providence
             ... invoked by an orc priest
              (11 damage)
             ... on level 6 of the Dungeon.
             The game lasted 00:04:56 (2157 turns).

ryw the Trooper (Mummy Fighter)                     Turns: 2157, Time: 00:04:56

Health: -3/35      AC:  6    Str: 21    XL:     4   Next: 17%
Magic:  4/4        EV:  9    Int:  7    God:
Gold:   154        SH:  4    Dex: 11    Spells: 3/3 levels left

rFire   . . .      SeeInvis .    a - +0 flail
rCold   + + .      Faith    +    c - +0 buckler
rNeg    + + +      Spirit   .    b - +0 scale mail
rPois   ∞          Reflect  .    (no helmet)
rElec   .          Rampage  .    j - scarf {rC+ rF+}
rCorr   .                        (no gloves)
Will    .....                    (no boots) Stlth
                                 (no amulet)
HPRegen 0.25/turn                (no ring)
MPRegen 0.09/turn                (no ring)

@: about to teleport
A: cold resistance 1, negative energy resistance 3, torment resistance 2, heat
vulnerability 1, in touch with death 1, no potions, faith
a: no special abilities


You were on level 6 of the Dungeon.
You visited 1 branch of the dungeon, and saw 5 of its levels.

You collected 154 gold pieces.

Inventory:

Hand Weapons
 a - a +0 flail (weapon)
Armour
 b - a +0 scale mail (worn)
 c - a +0 buckler (worn)
 j - a scarf of resistance (worn)
Jewellery
 i - a ring of magical power
Scrolls
 e - a scroll of magic mapping {unknown}
 f - 2 scrolls of identify
 g - a scroll of noise


   Skills:
 + Level 3.5 Fighting
 * Level 2.8 Maces & Flails
 + Level 2.9 Armour
 - Level 2.4 Shields


You had 3 spell levels left.
You didn't know any spells.
Your spell library contained the following spells:

 Spells                   Type           Power      Damage    Failure   Level
 Blink                    Tloc           0%         N/A       95%         2
 Lesser Beckoning         Tloc           0%         N/A       95%         2
 Momentum Strike          Conj/Tloc      0%         3d8       95%         2
 Gell's Gravitas          Tloc           0%         N/A       99%         3
 Teleport Other           Tloc           0%         N/A       99%         3


Dungeon Overview and Level Annotations

Branches:
Dungeon (4/15)
 Temple: D:4-7

Altars:

Shops:
D:4 :


Innate Abilities, Weirdness & Mutations

You are immune to poison.
Your flesh is cold resistant. (rC+)
You are immune to negative energy. (rN+++)
You are immune to unholy pain and torment.
You are vulnerable to heat. (rF-)
You are in touch with the powers of death.
You do not drink.
You have a special connection with the divine. (Faith)


Message History

The orc wizard is heavily wounded.
The orc wizard hits you with a +0 dagger.
The orc wizard hits you but does no damage.
You're too confused to move!
The orc wizard looks more healthy.
The orc wizard hits you but does no damage.
You miss the orc wizard.
The orc wizard is almost dead.
The orc wizard casts a spell at you. You resist with some effort.
The orc wizard hits you with a +0 dagger.
The orc priest hits you from afar with a +0 trident.
You barely miss the orc wizard.
The orc wizard hits you but does no damage.
The orc wizard points at you and mumbles some strange words.
The magic dart hits you.
* * * LOW HITPOINT WARNING * * *
The orc priest closely misses you.
The orc wizard mumbles some strange words.
The orc wizard flickers and vanishes!
Deactivating autopickup; reactivate with Ctrl-A.
The orc wizard hits you but does no damage.
The orc priest barely misses you.
You miss something.
You feel less confused. Something hits you but does no damage.
The orc priest hits you from afar with a +0 trident.
* * * LOW HITPOINT WARNING * * *
The orc barely misses you. The orc wizard barely misses you.
You hit the orc.
The orc is lightly wounded.
You hear some strange, mumbled words.
Something tries to affect you, but you resist.
You block the orc wizard's attack. The orc priest barely misses you.
As you read the scroll of teleportation, it crumbles to dust.
You feel strangely unstable. The orc barely misses you.
The orc wizard hits you but does no damage.
Something hits you but does no damage.
The orc priest invokes the aid of Beogh against you.
Beogh smites you!
You die...

#######.....(
#............
#...$........
##............
##
#...........
.# #.....$.(.#
.##
#.....o{..#
..##
#.....@)o.#
...#
#.....o...(...
...##
#######....#(#
....# ....#
..#...g.g#
....#
..###..g...
....# ..#
...... .....
..# ..g..
..?...
..#######..


You could see an orc priest, an orc wizard and an orc.

Vanquished Creatures
  A dart slug (D:3)
  An orc (D:6)
  8 ball pythons
  9 bats
  6 endoplasms
  4 giant cockroaches
  6 goblins
  9 hobgoblins
  2 jackals (D:2)
  11 kobolds
  4 quokkas
  A frilled lizard (D:1)
  6 rats
68 creatures vanquished.

Notes
Turn   | Place    | Note
-------+----------+-------------------------------------------
     0 | D:1      | ryw the Mummy Fighter began the quest for the Orb.
     0 | D:1      | Reached XP level 1. HP: 18/18 MP: 1/1
   133 | D:1      | Reached XP level 2. HP: 24/24 MP: 2/2
   773 | D:1      | Gained mutation: You are in touch with the powers of death.
                  | [Mummy growth]
   773 | D:1      | Reached XP level 3. HP: 29/29 MP: 3/3
  1635 | D:3      | Reached XP level 4. HP: 35/35 MP: 4/4
  2072 | D:4      | Found Sufan's Vocational Training.
  2112 | D:4      | You fall into a shaft and drop 2 floors!
  2118 | D:6      | Noticed an ice beast
  2123 | D:6      | Noticed a gnoll sergeant
  2157 | D:6      | Killed from afar by an orc priest

Illustrated notes

Levels and vault maps discovered:
D:1:      dpeg_arrival_tiny_f, layout_basic, wad_floor_pattern_untrapped,
          chequers_serial_rivers_micro_c
D:2:      layout_rooms, serial_curves, eino_curves_03, eino_curves_03,
          minmay_heptomino_o4
D:3:      layout_rooms
D:4:      layout_rooms, palyth_temple_overflow_mages,
          minmay_temple_entry_drinking_statues,
          nicolae_ossuary_entry_false_entrances, hex_medium,
          nicolae_shop_vocational
D:6:      layout_basic

Skill      XL: |  1 |
---------------+----+-----
Maces & Flails | 2 |  2.8
Fighting       | |  3.5
Armour         | |  2.9
Shields        | |  2.4

Action                     |  1- 3 |  4- 6 || total
---------------------------+-------+-------++-------
  Melee: Flail             |   179 |    22 ||   201
  Throw: Dart              |       |     4 ||     4
    Use: Scroll            |     3 |     3 ||     6
 Armour: Scale mail        |    96 |    17 ||   113
  Dodge: Dodged            |    89 |    12 ||   101
  Block: Buckler           |    33 |     2 ||    35

Table legend: (Time is in decaauts)
 A = Elapsed time spent in this place.
 B = Non-inter-level travel time spent in this place.
 C = Inter-level travel time spent in this place.
 D = Time resting spent in this place.
 E = Time spent auto-exploring this place.
 F = Levels seen in this place.
 G = Mean time per level.
                   A        B        C        D        E       F      G
               +--------+--------+--------+--------+--------+-----+--------+
         Total |   2225 |   2151 |     74 |     36 |   1580 |   5 |  445.0 |
       Dungeon |   2225 |   2151 |     74 |     36 |   1580 |   5 |  445.0 |
               +--------+--------+--------+--------+--------+-----+--------+

Top non-repeatable levels by time:
     D:1: 990 daAuts
     D:2: 636 daAuts
     D:3: 507 daAuts
     D:6: 47 daAuts
     D:4: 43 daAuts
